 Dungeon Crawl Stone Soup version 0.29.1-15-g9cfb28693d (webtiles) character file.

Game seed: 7421664963447123231

9 hawla the Conjurer (level 2, -1/11 HPs)
             Began as a Felid Conjurer on Apr 10, 2023.
             Slain by a kobold
             ... wielding a +0 dagger
              (4 damage)
             ... on level 1 of the Dungeon.
             The game lasted 00:01:29 (939 turns).

hawla the Conjurer (Felid Conjurer)                  Turns: 939, Time: 00:01:30

Health: -1/11      AC:  1    Str:  3    XL:     2   Next: 3%
Magic:  4/6        EV: 17    Int: 19    God:
Gold:   16         SH:  0    Dex: 14    Spells: 2/5 levels left
                                        Lives:  0   Deaths: 0

rFire   . . .      SeeInvis +   (weapon unavailable)
rCold   . . .      Faith    .   (shield unavailable)
rNeg    . . .      Spirit   .   (body armour unavailable)
rPois   .          Reflect  .   (helmet unavailable)
rElec   .          Harm     .   (cloak unavailable)
rCorr   .          Rampage  .   (gloves unavailable)
Will    .....                   (boots unavailable)
Stlth   ++........              (no amulet)
HPRegen 0.03/turn               (no ring)
MPRegen 0.10/turn               (no ring)

@: very slightly contaminated, quick
A: very small, claws 1, fangs 3, see invisible, speed 1, shaggy fur 1, stealthy
paws, no weapons or thrown items, no armour, multi-lived
a: no special abilities


You were on level 1 of the Dungeon.
You visited 1 branch of the dungeon, and saw 1 of its levels.

You collected 16 gold pieces.

Inventory:

Jewellery
 c - a +6 ring of strength
Scrolls
 b - a scroll of teleportation {unknown}
 e - a scroll of brand weapon {unknown}
 f - a scroll of identify {unknown}
Potions
 a - a potion of magic
 d - a potion of attraction {unknown}


   Skills:
 + Level 2.7 Dodging
 + Level 2.7 Stealth
 + Level 2.0 Spellcasting
 + Level 4.0 Conjurations


You had 2 spell levels left.
You knew the following spells:

 Your Spells              Type           Power      Damage    Failure   Level
a - Magic Dart            Conj           68%        1d6       3%          1
b - Searing Ray           Conj           34%        2d5       4%          2

Your spell library contained the following spells:

 Spells                   Type           Power      Damage    Failure   Level
 Dazzling Flash           Conj/Hex       18%        N/A       22%         3
 Fulminant Prism          Conj/Hex       4%         3d6       58%         4
 Iskenderun's Mystic Bla  Conj/Tloc      9%         2d4       58%         4


Dungeon Overview and Level Annotations

Branches:
Dungeon (1/15)

Altars:


Innate Abilities, Weirdness & Mutations

You have sharp claws.
You have razor-sharp teeth.
You have supernaturally acute eyesight. (SInv)
You cover ground quickly. (Speed+)
You are covered in fur. (AC +1)
Your paws help you pounce on unaware monsters.
You are incapable of wielding weapons or throwing items.
You cannot wear armour.
You gain extra lives every three experience levels.


Message History

Aim: a ball python (asleep, 100% to hit)
The magic dart hits the ball python.
You kill the ball python!
You have reached level 2!
Memorise Searing Ray, consuming 2 spell levels and leaving 2?
You start memorising the spell.
You continue memorising. x2
You finish memorising.
Spell assigned to 'b'.
Okay, then.
You now have 16 gold pieces (gained 11).
A bat comes into view.
You scratch the bat.
You kill the bat!
No target in view!
No target in view!
Found a whip.
A kobold comes into view. It is wielding a +0 dagger.
The kobold shouts!
A kobold is nearby!
You see here a +0 whip.
You closely miss the kobold. The kobold hits you with a +0 dagger.
You scratch the kobold but do no damage.
The kobold misses you.
You barely miss the kobold. The kobold hits you with a +0 dagger.
* * * LOW HITPOINT WARNING * * *
You are too injured to fight recklessly!
Casting: Magic Dart (safe; 3% risk of failure)
Confirm with . or Enter, or press ? or * to list all spells.
Aiming: Magic Dart (safe; 3% risk of failure)
Press: ? - help, Shift-Dir - straight line, f - kobold
Aim: a kobold, wielding a +0 dagger and quivering stones (100% to hit)
Okay, then.
Casting: Magic Dart (safe; 3% risk of failure)
Confirm with . or Enter, or press ? or * to list all spells.
Aiming: Searing Ray (safe; 4% risk of failure)
Press: ? - help, Shift-Dir - straight line, f - kobold
Aim: a kobold, wielding a +0 dagger and quivering stones (72% to hit)
You miscast Searing Ray.
You are very lightly contaminated with residual magic.
Nothing appears to happen.
The kobold hits you with a +0 dagger.
You die...

#.#####
#..K@.#
#####.#
#.# #.#
#.# #.#
#.# #.#
#.#


You could see a kobold.

Vanquished Creatures
  3 ball pythons (D:1)
  An endoplasm (D:1)
  A giant cockroach (D:1)
  A hobgoblin (D:1)
  A bat (D:1)
  2 kobolds (D:1)
9 creatures vanquished.

Notes
Turn   | Place    | Note
-------+----------+-------------------------------------------
     0 | D:1      | hawla the Felid Conjurer began the quest for the Orb.
     0 | D:1      | Reached XP level 1. HP: 7/7 MP: 4/4
   776 | D:1      | Reached skill level 4 in Conjurations
   849 | D:1      | Reached XP level 2. HP: 11/11 MP: 4/6
   852 | D:1      | Learned a level 2 spell: Searing Ray
   939 | D:1      | Slain by a kobold

Illustrated notes

Levels and vault maps discovered:
D:1:      nzn_arrival_depleted_hourglass, layout_basic

Skill      XL: |  1 |
---------------+----+-----
Conjurations   | 4 |  4.0
Dodging        | |  2.7
Stealth        | |  2.7
Spellcasting   | |  2.0

Action                   || total
-------------------------++-------
Melee: Unarmed           ||    21
       Bite              ||     5
 Cast: Magic Dart        ||     8
Armor: Skin              ||     1
Dodge: Dodged            ||    12
